 Dungeon Crawl Stone Soup version 0.24-a0-416-g56ce5178b7 (webtiles) character file.

Game seed: 1388395852912497411

13 Laiders72 the Shield-Bearer (level 2, 0/24 HPs)
             Began as a Formicid Fighter on June 8, 2019.
             Slain by a jackal (2 damage)
             ... on level 1 of the Dungeon.
             The game lasted 00:01:19 (121 turns).

Laiders72 the Shield-Bearer (Formicid Fighter)       Turns: 121, Time: 00:01:20

Health: 0/24       AC:  6    Str: 20    XL:     2   Next: 50%
Magic:  2/2        EV:  7    Int:  7    God:
Gold:   14         SH:  9    Dex: 10    Spells: 1/1 levels left

rFire    . . .     SeeInvis +   a - +0 flail
rCold    + . .     Gourm    .   c - +0 shield
rNeg     . . .     Faith    .   b - +0 scale mail
rPois    .         Spirit   .   (helmet unavailable)
rElec    .         Reflect  .   (no cloak)
rCorr    .         Harm     .   (no gloves)
MR       .....                  (no boots)
Stlth    ..........             (no amulet)
HPRegen  0.08/turn              e - ring of protection from cold
MPRegen  0.08/turn              (no ring)

@: no status effects
A: permanent stasis, dig shafts and tunnels, four strong arms, antennae 3
a: Dig, Shaft Self


You were on level 1 of the Dungeon.
You were not hungry.

You visited 1 branch of the dungeon, and saw 1 of its levels.

You collected 14 gold pieces.

Inventory:

Hand Weapons
 a - a +0 flail (weapon)
Armour
 b - a +0 scale mail (worn)
 c - a +0 shield (worn)
Jewellery
 e - a ring of protection from cold (left hand)
Scrolls
 g - a scroll of enchant weapon {unknown}
 i - a scroll of identify {unknown}
Potions
 d - a potion of might
 h - a potion of brilliance {unknown}
Comestibles
 f - a ration


   Skills:
 + Level 3.5 Fighting
 * Level 2.7 Maces & Flails
 - Level 3.2 Armour
 - Level 3.6 Shields


You had one spell level left.
You didn't know any spells.
Your spell library was empty.

Dungeon Overview and Level Annotations

Branches:
Dungeon (1/15)

Altars:


Innate Abilities, Weirdness & Mutations

You cannot be hasted, slowed, berserked, paralysed or teleported.
You can dig through walls and to a lower floor.
Your four strong arms can wield two-handed weapons with a shield.
You have a pair of large antennae on your head. (SInv)


Message History

You block the jackal's attack.
The frilled lizard hisses.
You sock the jackal!
You kill the jackal!
The jackal barely misses you.
The jackal bites you but does no damage.
The jackal bites you but does no damage.
You see here a jackal corpse.
The jackal bites you.
* * * LOW HITPOINT WARNING * * *
You block the jackal's attack.
A kobold comes into view.
The kobold throws a stone.
The stone hits you.
* * * LOW HITPOINT WARNING * * *
You block the jackal's attack.
You see here a stone.
Your shield and scale mail prevent you from hitting the jackal.
You block the jackal's attack.
The kobold throws a stone.
You block the stone. The jackal bites you.
You die...

{ .... ...≈≈≈≈§≈≈..
.........§§..§§§≈.###
........§§§§.§......#
.?K.....§.§§..≈≈≈≈≈.#
###h.......§§§§..≈>..≈.#
#.†l#......(§§§§...§.§.# ..#
#†###.#......≈§≈≈≈§≈.§.#
.....##.###.#....#.≈.≈..§..≈.#
#### #....l..gh@.#..§≈..<§§§.≈.#
... #....#..h..#.....§§≈≈≈...≈.#
#....####>#..##......§......≈.#
#..#####........##....≈.....≈.#
#...#....#..#####.##.§≈≈§≈§§§#
#...(((...# #. #...§§...§.
#.....###.# #..#.##.##....
......#...†....######.#..........
#.###............................


You could see 2 jackals, a hobgoblin, a kobold and a frilled lizard.

Vanquished Creatures
  A leopard gecko (D:1)
  5 jackals (D:1)
  3 kobolds (D:1)
  A frilled lizard (D:1)
10 creatures vanquished.

Notes
Turn   | Place    | Note
-------+----------+-------------------------------------------
     0 | D:1      | Laiders72 the Formicid Fighter began the quest for the Orb.
     0 | D:1      | Reached XP level 1. HP: 18/18 MP: 1/1
    89 | D:1      | Reached XP level 2. HP: 20/24 MP: 2/2
   121 | D:1      | Slain by a jackal

Levels and vault maps discovered:
D:1:      ebering_trefoil_twist, layout_rooms

Action                   || total
-------------------------++-------
Melee: Flail             ||    41
Armor: Scale mail        ||    29
Dodge: Dodged            ||    18
Block: Shield            ||    36

Table legend:
 A = Non-vault XP
 B = Vault XP
 C = Vault XP percentage of total XP
 D = Non-vault monster count
 E = Vault monster count
 F = Vault count percentage of total count
                 A         B        C        D         E       F
            +---------+---------+-------+---------+---------+-------
      Total |      19 |       0 |   0.0 |      10 |       0 |   0.0
            +---------+---------+-------+---------+---------+-------
        D:1 |      19 |       0 |   0.0 |      10 |       0 |   0.0
            +---------+---------+-------+---------+---------+-------
